 Dungeon Crawl Stone Soup version 0.29.1-13-g9f3cf754e1 (webtiles) character file.

Game seed: 13592693130354857893

25 bjubeck the Caller (level 2, 15/15 HPs)
             Began as a Deep Elf Summoner on Feb 7, 2023.
             Quit the game on level 2 of the Dungeon.
             The game lasted 00:07:13 (1256 turns).

bjubeck the Caller (Deep Elf Summoner)              Turns: 1256, Time: 00:07:14

Health: 15/15      AC:  3    Str:  5    XL:     2   Next: 82%
Magic:  8/9        EV: 12    Int: 19    God:
Gold:   81         SH:  3    Dex: 15    Spells: 8/9 levels left

rFire   . . .      SeeInvis .   c - +2 dagger (freeze)
rCold   . . .      Faith    .   h - +0 buckler
rNeg    . . .      Spirit   .   a - +0 robe
rPois   .          Reflect  .   (no helmet)
rElec   .          Harm     .   (no cloak)
rCorr   .          Rampage  .   (no gloves)
Will    .....                   l - +0 pair of boots
Stlth   ++........              (no amulet)
HPRegen 0.05/turn               (no ring)
MPRegen 0.11/turn               (no ring)

@: no status effects
A: no striking features
a: no special abilities


You were on level 2 of the Dungeon.
You visited 1 branch of the dungeon, and saw 2 of its levels.

You collected 81 gold pieces.

Inventory:

Hand Weapons
 c - a +2 dagger of freezing (weapon)
Missiles
 f - 11 poisoned darts
Armour
 a - a +0 robe (worn)
 h - a +0 buckler (worn)
 l - a +0 pair of boots (worn)
Magical Staves
 m - a staff of death
 o - a staff of fire
Scrolls
 d - 2 scrolls of poison {unknown}
 e - a scroll of vulnerability {unknown}
 g - a scroll of noise {unknown}
 n - a scroll of identify {unknown}
Potions
 b - a potion of magic
 i - a potion of might {unknown}
 j - a potion of attraction {unknown}
 k - a potion of curing {unknown}


   Skills:
 - Level 2.4 Dodging
 - Level 2.4 Stealth
 + Level 4.4 Spellcasting
 + Level 4.6 Summonings


You had 8 spell levels left.
You knew the following spells:

 Your Spells              Type           Power      Damage    Failure   Level
a - Summon Small Mammal   Summ           84%        N/A       2%          1

Your spell library contained the following spells:

 Spells                   Type           Power      Damage    Failure   Level
 Call Imp                 Summ           21%        N/A       4%          2
 Call Canine Familiar     Summ           21%        N/A       8%          3
 Summon Guardian Golem    Hex/Summ       13%        N/A       21%         3
 Summon Lightning Spire   Summ/Air       13%        N/A       56%         4


Dungeon Overview and Level Annotations

Branches:
Dungeon (2/15)

Altars:

Shops:
D:2 (*


Message History

Your bat hits the adder but does no damage.
The adder barely misses you.
Your bat barely misses the adder. x2; Your quokka bites the adder.
You block the adder's attack.
Your bat hits the adder.
Your quokka barely misses the adder. x2
The adder attacks as you move away! The adder barely misses you.
Your bat misses the adder.
Your quokka closely misses the adder.
The adder attacks as you move away! You block the adder's attack.
Your bat hits the adder. The adder closely misses you.
A goblin comes into view. It is wielding a +0 club.
Your bat barely misses the adder.
Your quokka misses the adder. The adder misses your bat.
The adder closely misses your bat.
Your quokka closely misses the adder.
Your bat misses the adder.
Your magical contamination has completely faded away.
Your bat misses the adder. The adder attacks as you move away!
The adder bites you.
Your bat hits the adder.
The adder dies!
Your quokka disappears in a puff of smoke!
Your bat disappears in a puff of smoke!
HP restored.
You now have 81 gold pieces (gained 13).
n - a scroll labelled ORRIAC YTTUBE You see here an adder corpse.
A goblin is nearby!
Found a crooked smoking staff.
The goblin shouts!
Your rat bites the goblin.
Your rat bites the goblin.
The goblin dies!
You swap places.
Found Hook Wimm's Assorted Antiques.
You see here a +0 club.
You see here a staff of fire.
o - a staff of fire Save game and exit?
Welcome back, bjubeck the Deep Elf Summoner.
Press ? for a list of commands and other information.
Are you sure you want to abandon this character and quit the game? (Confirm with "yes".)

#..............
#....##........
#.†..###...#
#......)..##
#....#..#>.###
#....#.......#
#....##.#..#...
##.###rb##.....
#.....∩@# ..###
...###### .#
..#.# # #.##.#
#. #.


You could see a friendly bat (summoned) and a friendly rat (summoned).

Vanquished Creatures (collateral kills)
  An adder (D:2)
  A hobgoblin (D:2)
  A quokka (D:1)
  A ball python (D:2)
  2 bats (D:1)
  2 goblins
  5 kobolds (D:1)
  2 rats (D:1)
15 creatures vanquished.

Notes
Turn   | Place    | Note
-------+----------+-------------------------------------------
     0 | D:1      | bjubeck the Deep Elf Summoner began the quest for the Orb.
     0 | D:1      | Reached XP level 1. HP: 10/10 MP: 6/6
   776 | D:1      | Reached XP level 2. HP: 15/15 MP: 7/9
   795 | D:1      | Found a faded altar of an unknown god.
  1097 | D:2      | Found Lashucis's Weapon Emporium.
  1249 | D:2      | Found Hook Wimm's Assorted Antiques.
  1256 | D:2      | Quit the game

Illustrated notes

Levels and vault maps discovered:
D:1:      psy_arrival_fountain, layout_loops_cross,
          hellmonk_ecumenical_altar_inner_sanctum
D:2:      minmay_alternating_diamond, layout_rooms, basic_altar, serial_shops,
          nicolae_shop_crystal, shop, shop, minmay_cut_off, uniq_sigmund

Skill      XL: |  1 |
---------------+----+-----
Spellcasting   | 4 |  4.4
Dodging        | |  2.4
Stealth        | |  2.4
Summonings     | |  4.6

Action                   || total
-------------------------++-------
Melee: Dagger            ||     3
 Cast: Summon Small Mamm ||    30
Armor: Robe              ||    10
Dodge: Dodged            ||    25
Block: Buckler           ||     6
